 Dungeon Crawl Stone Soup version 0.30-a0-913-g9934a0ce24 (webtiles) character file.

Game seed: 16580369704748357681

186 selver the Shooter (level 5, 0/25 HPs)
             Began as a Spriggan Hunter on Mar 20, 2023.
             Succumbed to an orc wizard's poison
             ... on level 3 of the Dungeon.
             The game lasted 00:04:12 (1542 turns).

selver the Shooter (Spriggan Hunter)                Turns: 1542, Time: 00:04:13

Health: 0/25       AC:  2    Str:  7    XL:     5   Next: 38%
Magic:  6/6        EV: 18    Int: 10    God:
Gold:   135        SH:  0    Dex: 21    Spells: 4/4 levels left

rFire   . . .      SeeInvis +    a - +0 shortbow
rCold   . . .      Faith    .    (shield currently unavailable)
rNeg    . . .      Spirit   .    c - +0 robe
rPois   .          Reflect  .    (helmet restricted)
rElec   .          Rampage  .    (no cloak)
rCorr   .                        (gloves unavailable)
Will    .....                    (boots unavailable)
Stlth   ++                       (no amulet)
HPRegen 0.24/turn                (no ring)
MPRegen 0.10/turn                (no ring)

@: brilliant, lethally poisoned (0 -> -10), very quick
A: very small, no large weapons, unfitting armour, see invisible, speed 3
a: no special abilities


You were on level 3 of the Dungeon.
You visited 1 branch of the dungeon, and saw 3 of its levels.

You collected 168 gold pieces.
You spent 33 gold pieces at shops.

Inventory:

Hand Weapons
 a - a +0 shortbow (weapon)
Armour
 c - a +0 robe (worn)
Jewellery
 d - a ring of ice
Scrolls
 b - a scroll of immolation
 e - 3 scrolls of amnesia {unknown}
 g - a scroll of teleportation {unknown}
 h - a scroll of fear {unknown}
 i - a scroll of enchant armour {unknown}
 m - a scroll of acquirement {unknown}
 n - 2 scrolls of identify {unknown}
 p - a scroll of enchant weapon {unknown}
 q - a scroll of silence {unknown}
Potions
 f - a potion of heal wounds {unknown}
 j - 3 potions of brilliance
 k - a potion of ambrosia {unknown}
 l - a potion of cancellation {unknown}
 o - a potion of lignification {unknown}


   Skills:
 - Level 1.5 Fighting
 + Level 6.7 Ranged Weapons
 - Level 2.6 Dodging
 - Level 1.5 Stealth


You had 4 spell levels left.
You didn't know any spells.
Your spell library contained the following spells:

 Spells                   Type           Power      Damage    Failure   Level
 Lesser Beckoning         Tloc           0%         N/A       50%         2
 Gell's Gravitas          Tloc           0%         N/A       75%         3
 Inner Flame              Hex/Fire       0%         N/A       75%         3
 Teleport Other           Tloc           0%         N/A       75%         3
 Flame Wave               Conj/Fire      0%         2d4       98%         4
 Sticky Flame             Conj/Fire      0%         2d3       98%         4


Dungeon Overview and Level Annotations

Branches:
Dungeon (3/15)

Altars:

Shops:
D:1 *![*

Annotations:
D:2 Sigmund


Innate Abilities, Weirdness & Mutations

You are very small and have problems with some larger weapons.
You are too small for most types of armour.
You have supernaturally acute eyesight. (SInv)
You cover ground extremely quickly. (Speed+++)


Message History

The arrow closely misses the orc wizard.
You shoot an arrow. The arrow barely misses the orc wizard.
You shoot an arrow. The arrow hits the orc wizard.
The orc wizard is moderately wounded.
The orc wizard gestures at you while chanting.
The puff of flame misses you.
You shoot an arrow. The arrow hits the orc wizard.
The orc wizard is heavily wounded.
The orc wizard closely misses you.
You shoot an arrow. The arrow hits the orc wizard.
The orc wizard is severely wounded.
The orc wizard hits you with a +1 dagger of venom.
You are poisoned.
You shoot an arrow. The arrow barely misses the orc wizard.
You feel very sick. The orc wizard closely misses you.
The orc wizard casts a spell at you. The puff of flame hits you.
You shoot an arrow.
The arrow hits the orc wizard but does no damage.
The orc wizard is severely wounded.
You feel sick.
The orc wizard hits you with a +1 dagger of venom.
You are lethally poisoned!
You are too injured to fight recklessly!
* * * LOW HITPOINT WARNING * * *
You feel very sick.
You are too injured to fight recklessly!
It was a potion of brilliance.
You feel clever all of a sudden.
* * * LOW HITPOINT WARNING * * *
You feel very sick.
You are too injured to fight recklessly!
Fire: a) +0 shortbow
Press: ? - help, Q - select action Shift-Dir - straight line, f/p - orc wizard
Aim: an orc wizard, wielding a +1 dagger of venom and wearing a +0 robe (severely wounded, slightly transparent, 59% to hit)
You shoot an arrow.
The arrow hits the orc wizard but does no damage.
The orc wizard is severely wounded.
You die...

....# #....# # #....#
#. #....# ###########
.##....# ..........#
......#
#########.#####.....#
########............#
......)......>#.@...#
########..#.....#o###
#..#...#....?.....
###
#..#....<.........
...#
#.................
...#
#.................
...#
#.#...............
...#
#.#.##............
...# .............


You could see an orc wizard (invisible).

Vanquished Creatures
  A howler monkey (D:3)
  3 gnolls (D:2)
  5 adders
  5 orcs (D:3)
  4 endoplasms
  A giant cockroach (D:1)
  10 hobgoblins
  2 jackals (D:1)
  7 kobolds
  2 quokkas
  4 ball pythons
  4 bats
  A frilled lizard (D:2)
  9 goblins
  9 rats
67 creatures vanquished.

Notes
Turn   | Place    | Note
-------+----------+-------------------------------------------
     0 | D:1      | selver the Spriggan Hunter began the quest for the Orb.
     0 | D:1      | Reached XP level 1. HP: 10/10 MP: 2/2
    35 | D:1      | Found Foogheo's Armour Emporium.
   146 | D:1      | Reached XP level 2. HP: 14/14 MP: 3/3
   248 | D:1      | Found Kitin's Assorted Antiques.
   352 | D:1      | Found Doinen's Distillery.
   357 | D:1      | Bought a potion of curing for 33 gold pieces
   800 | D:1      | Found Vienidun's Assorted Antiques.
   836 | D:1      | Reached skill level 5 in Ranged Weapons
   925 | D:2      | Reached XP level 3. HP: 5/18 MP: 4/4
  1004 | D:2      | Reached XP level 4. HP: 22/22 MP: 5/5
  1007 | D:2      | Noticed Sigmund
  1122 | D:3      | Reached skill level 6 in Ranged Weapons
  1245 | D:3      | Reached XP level 5. HP: 25/25 MP: 6/6
  1542 | D:3      | Succumbed to an orc wizard's poison

Illustrated notes

Levels and vault maps discovered:
D:1:      erik_arrival_triangle_small, layout_basic, serial_shops,
          nicolae_shop_crystal, nicolae_shop_behind_doors, shop, shop
D:2:      layout_loops_ring, basic_altar, dk_noncrumbling_2,
          corexii_item_surrounded_by_moat, uniq_sigmund
D:3:      layout_basic, minmay_three_crescents

Skill      XL: |  1  2  3  4 |
---------------+-------------+-----
Ranged Weapons | 5 6 |  6.7
Fighting       | |  1.5
Dodging        | |  2.6
Stealth        | |  1.5

Action                     |  1- 3 |  4- 6 || total
---------------------------+-------+-------++-------
   Fire: Shortbow          |    71 |    93 ||   164
    Use: Potion            |     1 |     1 ||     2
 Armour: Robe              |     3 |     1 ||     4
  Dodge: Dodged            |    15 |    30 ||    45

Table legend: (Time is in decaauts)
 A = Elapsed time spent in this place.
 B = Non-inter-level travel time spent in this place.
 C = Inter-level travel time spent in this place.
 D = Time resting spent in this place.
 E = Time spent auto-exploring this place.
 F = Levels seen in this place.
 G = Mean time per level.
                   A        B        C        D        E       F      G
               +--------+--------+--------+--------+--------+-----+--------+
         Total |   1095 |   1084 |     11 |    104 |    644 |   3 |  365.0 |
       Dungeon |   1095 |   1084 |     11 |    104 |    644 |   3 |  365.0 |
               +--------+--------+--------+--------+--------+-----+--------+

Top non-repeatable levels by time:
     D:1: 598 daAuts
     D:3: 395 daAuts
     D:2: 101 daAuts
